 Dungeon Crawl Stone Soup version 0.32-a0-656-g3542139ebd (webtiles) character file.

Game seed: 14579119489999163050

21 mopl the Sneak (level 2, -5/19 HPs)
             Began as an Octopode Brigand on Mar 8, 2024.
             Killed from afar by Sigmund (9 damage)
             ... with a puff of flame
             ... on level 2 of the Dungeon.
             The game lasted 00:01:05 (715 turns).

mopl the Sneak (Octopode Brigand)                    Turns: 715, Time: 00:01:05

Health: -5/19      AC:  1    Str: 10    XL:     2   Next: 87%
Magic:  2/2        EV: 13    Int: 13    God:
Gold:   62         SH:  0    Dex: 13    Spells: 1/1 levels left

rFire   . . .        a - +2 dagger
rCold   . . .        (no shield)
rNeg    . . .        (helmet restricted)
rPois   .            (no amulet)
rElec   .            (no ring)
rCorr   .            (no ring)
SInv    .            (no ring)
Will    .....        (no ring)
Stlth   ++++         (no ring)
HPRegen 0.23/turn    (no ring)
MPRegen 0.08/turn    (no ring)
                     (no ring)

%: no passive effects
@: no status effects
A: almost no armour, amphibious, 8 rings, camouflage 1, gelatinous body 1,
(nimble swimmer 1), tentacles
a: no special abilities


You were on level 2 of the Dungeon.
You visited 1 branch of the dungeon, and saw 2 of its levels.

You collected 62 gold pieces.

Inventory:

Hand Weapons
 a - a +2 dagger (weapon)
Missiles
 b - 11 poisoned darts (quivered)
 c - 3 curare-tipped darts
Armour
 h - a +0 buckler
Talismans
 e - a maw talisman
 j - a serpent talisman
Scrolls
 d - a scroll of enchant weapon {unknown}
 i - a scroll of immolation {unknown}
 k - 2 scrolls of identify {unknown}
 l - a scroll of teleportation {unknown}
 m - a scroll of torment {unknown}
Potions
 f - 3 potions of curing {unknown}
 g - a potion of attraction {unknown}


   Skills:
 + Level 2.2 Fighting
 - Level 2.0(2.1) Short Blades
 * Level 1.1(1.7) Long Blades
 + Level 2.2 Throwing
 + Level 1.3 Dodging
 + Level 5.4 Stealth
 + Level 0.3 Shapeshifting


You had one spell level left.
You didn't know any spells.
Your spell library contained the following spells:

 Spells                   Type           Power      Damage    Failure   Level
 Anguish                  Hex/Necr       0%         N/A       97%         4
 Cause Fear               Hex            0%         N/A       97%         4
 Enfeeble                 Hex            0%         N/A       100%        7


Dungeon Overview and Level Annotations

Branches:
Dungeon (2/15)

Altars:

Annotations:
D:2 Sigmund


Innate Abilities, Weirdness & Mutations

You cannot wear most types of armour.
You are amphibious.
You can wear up to eight rings at the same time.
Your skin changes colour to match your surroundings (Stealth+).
Your rubbery body absorbs attacks. (AC +1, EV +1)
((You are camouflaged when in or above water. (Stealth+)))
You have tentacles for arms and can constrict up to eight enemies at once.


Message History

An endoplasm comes into view.
An endoplasm is nearby!
The helpless endoplasm fails to defend itself.
You impale the endoplasm!!
You kill the endoplasm!
No target in view!
You enter the shallow water.
A giant cockroach comes into view.
A giant cockroach is nearby!
Found 4 gold pieces.
The helpless giant cockroach fails to defend itself.
You impale the giant cockroach!!
You kill the giant cockroach!
No target in view!
You see here a giant cockroach corpse.
You now have 62 gold pieces (gained 4).
You enter the shallow water.
Key pressed, stopping explore.
Found a robe.
You see here 5 stones.
Done exploring.
Done exploring.
What level of the Dungeon? (default 1, ? - help)
There is a stone staircase leading down here.
You climb downwards.
Found a scroll labelled JEDDEPSANE.
Found an escape hatch in the ceiling.
There is a stone staircase leading up here.
Sigmund is nearby!
Sigmund shouts!
Sigmund points at you and mumbles some strange words.
The puff of flame hits you! Sigmund casts a spell at you.
The puff of flame hits you!
* * * LOW HITPOINT WARNING * * *
You are too injured to fight recklessly!
Found a stone staircase leading up.
Sigmund casts a spell at you. The puff of flame hits you!
You die...
Sigmund begins carving another notch in his scythe.

.. ..<#...
####..#..#..#####
...#..#..#......#
............?...
#............#
##............#
..........<...#
..............#
.......@.#...##
...#..@.........#
#...#.........
.............###
......<#......#
########......#
....#### ####.


You could see Sigmund.

Vanquished Creatures
  4 endoplasms (D:1)
  2 giant cockroaches (D:1)
  A hobgoblin (D:1)
  A quokka (D:1)
  A ball python (D:1)
  2 bats (D:1)
  2 frilled lizards (D:1)
  7 kobolds (D:1)
  A rat (D:1)
21 creatures vanquished.

Notes
Turn   | Place    | Note
-------+----------+-------------------------------------------
     0 | D:1      | mopl the Octopode Brigand began the quest for the Orb.
     0 | D:1      | Reached XP level 1. HP: 14/14 MP: 1/1
   146 | D:1      | Reached XP level 2. HP: 19/19 MP: 2/2
   221 | D:1      | Reached skill level 1 in Long Blades
   712 | D:2      | Noticed Sigmund
   715 | D:2      | Killed from afar by Sigmund

Illustrated notes

Levels and vault maps discovered:
D:1:      grunt_arrival_lava_bath, layout_loops_ring, serial_bayou,
          serial_bayou_pond_d, serial_bayou_lagoon_a, serial_bayou_pond_a,
          serial_bayou_ford_a, minmay_misc_feat_diagonals
D:2:      layout_basic, basic_altar, uniq_sigmund

Skill      XL: |  1  2 |
---------------+-------+-----
Long Blades    | 1 |  1.1
Fighting       | |  2.2
Short Blades   | |  2.0
Throwing       | |  2.2
Dodging        | |  1.3
Stealth        | |  5.4
Shapeshifting  | |  0.3

Action                     || total
---------------------------++-------
  Melee: Dagger            ||    30
         Constrict         ||    11
         Tentacles         ||     8
   Stab: Sleeping          ||    12
 Armour: Skin              ||    15
  Dodge: Dodged            ||     4

Table legend: (Time is in decaauts)
 A = Elapsed time spent in this place.
 B = Non-inter-level travel time spent in this place.
 C = Inter-level travel time spent in this place.
 D = Time resting spent in this place.
 E = Time spent auto-exploring this place.
 F = Levels seen in this place.
 G = Mean time per level.
                   A        B        C        D        E       F      G
               +--------+--------+--------+--------+--------+-----+--------+
         Total |    711 |    695 |     16 |      0 |    553 |   2 |  355.5 |
       Dungeon |    711 |    695 |     16 |      0 |    553 |   2 |  355.5 |
               +--------+--------+--------+--------+--------+-----+--------+

Top non-repeatable levels by time:
     D:1: 708 daAuts
     D:2: 2 daAuts
